 Dungeon Crawl Stone Soup version 0.20-a0-899-g09a9bfb (webtiles) character file.

4556 nikopol the Basher (level 10, -3/63 HPs)
             Began as a Gargoyle Berserker on Mar 18, 2017.
             Was a High Priest of Trog.
             Slain by a yak (8 damage)
             ... on level 8 of the Dungeon.
             The game lasted 00:15:13 (7681 turns).

nikopol the Basher (Gargoyle Berserker)             Turns: 7681, Time: 00:15:14

Health: -3/63      AC: 29    Str: 21    XL:     10   Next: 40%
Magic:  10/10      EV: 10    Int:  9    God:    Trog [*****.]
Gold:   412        SH:  0    Dex: 11    Spells: 9/9 levels left

rFire    . . .     SeeInvis .   a - +0 mace (protect)
rCold    . . .     Gourm    .   g - +0 chain mail
rNeg     + . .     Faith    .   (no shield)
rPois    ∞         Spirit   .   q - +0 helmet
rElec    +         Reflect  .   u - +1 cloak
rCorr    .         Harm     .   (no gloves)
MR       .....                  y - +0 pair of boots
Stlth    ..........             (no amulet)
Regen    0.2/turn               (no ring)
MPRegen  0.2/turn               (no ring)

@: exhausted, protection aura, starving, slowed, very slow
A: negative energy resistance 1, electricity resistance, unbreathing,
petrification resistance, rot immunity, AC +7
a: Berserk, Trog's Hand, Brothers in Arms, Burn Spellbooks, Renounce Religion


You were on level 8 of the Dungeon.
You worshipped Trog.
Trog was extremely pleased with you.
You were starving.

You visited 1 branch of the dungeon, and saw 8 of its levels.

You collected 412 gold pieces.

Inventory:

Hand Weapons
 a - a +0 mace of protection (weapon)
 d - a +0 mace
 r - a +0 flail
 z - a +0 shortbow
Missiles
 i - 165 arrows (quivered)
Armour
 b - a +0 animal skin
 g - a +0 chain mail (worn)
 q - a +0 helmet (worn)
 u - a +1 cloak (worn)
 y - a +0 pair of boots (worn)
Jewellery
 F - an uncursed ring of protection from magic {unknown}
 J - an uncursed amulet of guardian spirit {unknown}
Wands
 s - a wand of iceblast (5/15)
 A - a wand of flame (33/48)
 L - a wand of acid (6/15)
 M - a wand of acid (6/15)
 N - a wand of enslavement (17/24)
 P - a wand of iceblast (5/15)
Scrolls
 e - 4 scrolls of blinking {unknown}
 j - 5 scrolls of teleportation
 l - a scroll of recharging {unknown}
 m - 3 scrolls of remove curse {unknown}
 n - 5 scrolls of identify {unknown}
 t - 3 scrolls of random uselessness {unknown}
 v - 2 scrolls of fear {unknown}
 E - a scroll of fog {unknown}
 H - 4 scrolls of amnesia {unknown}
 I - a scroll of immolation {unknown}
 K - a scroll of magic mapping {unknown}
 R - a scroll of holy word {unknown}
 S - a scroll of vulnerability {unknown}
Potions
 k - 5 potions of mutation {unknown}
 o - 5 potions of curing {unknown}
 w - a potion of degeneration {unknown}
 x - 2 potions of berserk rage {unknown}
 B - a potion of lignification {unknown}
 C - a potion of haste {unknown}
 D - a potion of ambrosia {unknown}
 G - a potion of flight {unknown}
 O - a potion of might {unknown}
 Q - 2 potions of heal wounds {unknown}
Comestibles
 c - 4 bread rations
 f - 2 meat rations
 h - 2 royal jellies
 p - a fruit


   Skills:
 + Level 7.6 Fighting
 * Level 8.6 Maces & Flails
 * Level 6.4 Bows
 + Level 7.1 Armour
 + Level 5.3 Dodging


You had 9 spell levels left.
You didn't know any spells.

Dungeon Overview and Level Annotations

Branches:
Dungeon (8/15)             Temple (0/1) D:5
   Lair: D:8-11

Altars:
Ashenzari
Cheibriados
Dithmenos
Fedhas
Gozag
Makhleb
Nemelex Xobeh
Okawaru
Uskayaw
Vehumet
Wu Jian
Zin
The Shining One


Innate Abilities, Weirdness & Mutations

You are resistant to torment.
Your stone body is resilient. (AC +7)
You are immune to poison.
You resist negative energy. (rN+)
You are resistant to electric shocks. (rElec)
You can survive without breathing.
You are immune to petrification.
You are immune to rotting.


Message History

You barely miss the yak.
The yak is moderately wounded.
The yak barely misses you.
The yak snorts and paws the ground.
The yak closely misses you.
You barely miss the yak.
The yak is moderately wounded.
The yak gores you.
* * * LOW HITPOINT WARNING * * *
You hit the yak.
The yak is heavily wounded.
The yak misses you. The yak gores you but does no damage.
You hit the yak.
The yak is heavily wounded.
The yak closely misses you.
You hit the yak but do no damage.
The yak is heavily wounded.
The yak snorts and paws the ground.
The yak gores you!
You die...

#.##.####.##.# # #.##.##......#
# #.##.##.###..# # #.##....#
#..########
#.#####.###........## #.#
#......#####.## #.# ###>##.#
#... ######.#######Y##.#####...
#........@YYYYYYY.........
#.####.##########.........
###.#...........###.#####...
#####...#...........##.Y#####...
#....................Y.Y......##
#.............................##
#........###########YY.Y........
##........# #...........#
#≈.......## #Y.....≈....#


You could see 8 yaks.

Vanquished Creatures
  A death yak (D:8)
  The ghost of StylePro the Cleaver, a novice MiFi of Makhleb (D:7)
  The ghost of StylePro the Chopper, a novice MiFi (D:4)
  The ghost of Sapher the Cleaver, a novice DDGl of Makhleb (D:8)
  A hippogriff (D:7)
  Sigmund (D:2)
  2 yaks (D:8)
  Duvessa (D:7)
  2 ice beasts
  An orc warrior (D:7)
  A phantom (D:5)
  2 ogres
  A centaur (D:3)
  The ghost of nubinia the Digger, an amateur GrEE of Sif Muna (D:6)
  Dowan (D:7)
  A water moccasin zombie (D:6)
  2 scorpions (D:6)
  A vampire bat (D:3)
  A howler monkey (D:4)
  3 electric eels (D:8)
  4 crimson imps
  A quasit (D:5)
  A bullfrog zombie (D:6)
  2 jellies (D:5)
  2 hounds
  An orc priest (D:7)
  Crazy Yiuf (D:3)
  A centaur skeleton (D:3)
  An iguana (D:7)
  Ijyb (D:3)
  Terence (D:2)
  7 worker ants
  A killer bee zombie (D:6)
  Robin (D:3)
  4 gnolls (D:2)
  11 adders
  A howler monkey skeleton (D:6)
  2 shadow imps (D:5)
  An ooze (D:2)
  5 worms
  6 dart slugs
  3 fire bats (D:3)
  2 leopard geckos (D:2)
  10 orcs
  2 spectral bats (D:3)
  A ball python (D:1)
  3 bat skeletons (D:3)
  A bat zombie (D:3)
  6 giant cockroaches
  12 goblins
  11 hobgoblins
  19 jackals
  5 quokkas
  18 bats
  A bat simulacrum (D:3)
  4 frilled lizards
  6 kobolds
  6 rats
191 creatures vanquished.

Notes
Turn   | Place    | Note
-------+----------+-------------------------------------------
     0 | D:1      | nikopol the Gargoyle Berserker began the quest for the Orb.
     0 | D:1      | Reached XP level 1. HP: 14/14 MP: 1/1
    12 | D:1      | Found a snail-covered altar of Cheibriados.
    60 | D:1      | Reached XP level 2. HP: 15/19 MP: 2/2
   484 | D:2      | Reached XP level 3. HP: 15/23 MP: 3/3
   649 | D:2      | Reached ** piety under Trog
   927 | D:2      | Found an ornate altar of the Wu Jian Council.
   927 | D:2      | Noticed Sigmund
   928 | D:2      | Found a shattered altar of Ashenzari.
   935 | D:2      | Killed Sigmund
   935 | D:2      | Reached XP level 4. HP: 30/30 MP: 4/4
   935 | D:2      | Reached XP level 5. HP: 34/34 MP: 5/5
   990 | D:2      | Found an iron altar of Okawaru.
  1007 | D:2      | Reached XP level 6. HP: 38/39 MP: 6/6
  1049 | D:2      | Found a burning altar of Makhleb.
  1060 | D:2      | Reached skill level 4 in Maces & Flails
  1374 | D:2      | Noticed Terence
  1383 | D:2      | Killed Terence
  1551 | D:3      | Found a runed door.
  1629 | D:3      | Reached *** piety under Trog
  1759 | D:3      | Noticed Ijyb
  1781 | D:3      | Killed Ijyb
  1866 | D:3      | Noticed Robin
  1905 | D:3      | Reached XP level 7. HP: 23/44 MP: 7/7
  1917 | D:3      | Killed Robin
  1917 | D:3      | Reached skill level 5 in Fighting
  2355 | D:3      | Reached **** piety under Trog
  2364 | D:3      | Reached skill level 5 in Maces & Flails
  2822 | D:3      | Noticed Crazy Yiuf
  2832 | D:3      | Killed Crazy Yiuf
  3108 | D:4      | Noticed StylePro's ghost (novice MiFi)
  3154 | D:4      | Reached skill level 1 in Bows
  3154 | D:4      | Reached skill level 5 in Armour
  3354 | D:4      | Killed StylePro's ghost
  3354 | D:4      | Reached skill level 6 in Maces & Flails
  3354 | D:4      | Reached XP level 8. HP: 51/51 MP: 8/8
  3575 | D:4      | Found a shadowy altar of Dithmenos.
  3589 | D:4      | Found a sparkling altar of Nemelex Xobeh.
  3590 | D:4      | Found a radiant altar of Vehumet.
  3590 | D:4      | Found a snail-covered altar of Cheibriados.
  3590 | D:4      | Found an opulent altar of Gozag.
  3590 | D:4      | Found a glowing golden altar of the Shining One.
  4003 | D:4      | Found a glowing silver altar of Zin.
  4226 | D:5      | Entered Level 5 of the Dungeon
  4344 | D:5      | Found a staircase to the Ecumenical Temple.
  5067 | D:6      | Reached XP level 9. HP: 55/55 MP: 9/9
  5086 | D:6      | Found a blossoming altar of Fedhas.
  5162 | D:6      | Received a gift from Trog
  5215 | D:6      | Found a hide-covered altar of Uskayaw.
  5300 | D:6      | Noticed nubinia's ghost (amateur GrEE)
  5329 | D:6      | Killed nubinia's ghost
  5329 | D:6      | Reached skill level 7 in Maces & Flails
  5708 | D:7      | Noticed Duvessa
  5710 | D:7      | Noticed Dowan
  5713 | D:7      | Noticed StylePro's ghost (novice MiFi)
  5720 | D:7      | Killed Duvessa
  5725 | D:7      | Killed Dowan
  6521 | D:7      | Killed StylePro's ghost
  6521 | D:7      | Reached skill level 5 in Bows
  6840 | D:7      | Reached skill level 8 in Maces & Flails
  7156 | D:8      | Reached XP level 10. HP: 63/63 MP: 10/10
  7282 | D:8      | Reached skill level 5 in Dodging
  7286 | D:8      | Received a gift from Trog
  7287 | D:8      | Reached ***** piety under Trog
  7343 | D:8      | Noticed Sapher's ghost (novice DDGl)
  7358 | D:8      | Killed Sapher's ghost
  7610 | D:8      | Noticed a death yak
  7657 | D:8      | Killed a death yak
  7681 | D:8      | Slain by a yak

Vault maps used:
D:1:      dpeg_arrival_simpleton_b, cheibriados_altar_1
D:2:      makhleb_blood_cavern_becter, gammafunk_temple_overflow_statue,
          okawaru_gym_becter, uniq_sigmund, uniq_terence
D:3:      goddamned_bats, uniq_iyjb, uniq_crazy_yiuf_cottage, uniq_robin
D:4:      zin_scriptorium, grunt_temple_overflow_open, first_bread,
          serial_glass, glass_columns_b, glass_columns_a
D:5:      minmay_temple_entry_crystal_x
D:6:      fedhas_altar_2, basic_altar
D:7:      uniq_duvessa
D:8:      argonaut_augean_stables, hangedman_pestilent_swarm, minivault_4

Skill      XL: |  1  2  3  4  5  6  7  8  9 10 |
---------------+-------------------------------+-----
Dodging        | 2 3 4 5 |  5.3
Armour         | 3 4 5 6 7 |  7.1
Fighting       | 4 5 6 7 |  7.6
Maces & Flails | 4 6 8 |  8.6
Bows           | 2 3 5 6 |  6.4

Action                   |  1- 3 |  4- 6 |  7- 9 | 10-12 || total
-------------------------+-------+-------+-------+-------++-------
Melee: Mace              |   129 |   201 |   393 |    69 ||   792
       Flail             |       |    17 |       |       ||    17
 Fire: Shortbow          |       |       |   187 |    21 ||   208
Invok: Berserk           |     1 |     4 |     5 |     2 ||    12
       Burn Spellbooks   |       |       |     1 |     1 ||     2
  Use: Scroll            |       |       |     2 |       ||     2
 Stab: Distracted        |       |     1 |       |       ||     1
  Eat: Chunk             |       |     7 |    19 |       ||    26
       Fruit             |       |       |     2 |     1 ||     3
       Royal jelly       |       |       |     1 |       ||     1
Armor: Animal skin       |    10 |       |       |       ||    10
       Chain mail        |   113 |   242 |   469 |    32 ||   856
Dodge: Dodged            |    98 |   184 |   306 |    23 ||   611
